 Dungeon Crawl Stone Soup version 0.22-a0-305-gd21a89c538 (webtiles) character file.

54023 FollowTheCloud the Unseen (level 14, -1/65 HPs)
             Began as a Spriggan Enchanter on Mar 31, 2018.
             Was an Initiate of Gozag.
             Killed from afar by a merfolk aquamancer (37 damage)
             ... with a shard of ice
             ... on level 1 of the Shoals.
             The game lasted 01:22:26 (25039 turns).

FollowTheCloud the Unseen (Spriggan Enchanter)     Turns: 25039, Time: 01:22:49

Health: -1/65      AC:  4    Str:  4    XL:     14   Next: 33%
Magic:  25/32      EV: 32    Int: 24    God:    Gozag
Gold:   5390       SH:  0    Dex: 16    Spells: 22/40 levels left

rFire    . . .     SeeInvis +   H - +4 dagger (elec)
rCold    . . .     Gourm    .   (shield restricted)
rNeg     . . .     Faith    .   b - +0 robe
rPois    .         Spirit   .   i - +2 hat
rElec    .         Reflect  .   (no cloak)
rCorr    .         Harm     .   (gloves unavailable)
MR       +++..                  (boots unavailable)
Stlth    +++++++...             (no amulet)
HPRegen  0.20/turn              s - +2 ring of intelligence
MPRegen  0.23/turn              N - ring of protection from magic

@: very quick
A: very small, unfitting armour, see invisible, herbivore, speed 3, slow
metabolism 2
a: Potion Petition, Call Merchant, Bribe Branch, Renounce Religion


You were on level 1 of the Shoals.
You worshipped Gozag.
Gozag was greatly pleased with you.
You were not hungry.

You visited 4 branches of the dungeon, and saw 19 of its levels.
You also visited: Sewer and Ice Cave.

You collected 6856 gold pieces.
You spent 1012 gold pieces at shops.
You paid 454 gold pieces to Gozag.

Inventory:

Hand Weapons
 H - a +4 dagger of electrocution (weapon)
Armour
 b - a +0 robe (worn)
 i - a +2 hat (worn)
Jewellery
 a - the ring "Kuhiliku" {rC+ rN+}
   (You found it in an ice cave)

   [ring of protection from cold]

   It protects you from cold.
   It protects you from negative energy.
 s - a +2 ring of intelligence (left hand)
 u - an uncursed ring of poison resistance
 K - an uncursed ring of magical power
 N - a ring of protection from magic (right hand)
Wands
 w - a wand of acid (19)
 x - a wand of digging (39)
 y - a wand of iceblast (7)
 B - a wand of random effects (70)
 E - a wand of polymorph (28)
 J - a wand of paralysis (31)
Scrolls
 e - 13 scrolls of identify
 h - 4 scrolls of fog
 k - 10 scrolls of remove curse
 o - 10 scrolls of teleportation
 q - 2 scrolls of enchant armour
 t - 2 scrolls of fear
 v - a scroll of immolation {unknown}
 D - 6 scrolls of magic mapping
 F - 2 scrolls of brand weapon
 G - 2 scrolls of acquirement {unknown}
 I - 2 scrolls of amnesia
 O - a scroll of torment {unknown}
 Q - 2 scrolls of blinking
 R - a scroll of silence {unknown}
Potions
 c - 13 potions of heal wounds
 f - 3 potions of degeneration {unknown}
 g - 3 potions of invisibility {unknown}
 j - 4 potions of berserk rage {unknown}
 m - 9 potions of flight {unknown}
 n - 3 potions of mutation {unknown}
 p - 6 potions of curing
 r - 2 potions of brilliance {unknown}
 z - 3 potions of agility {unknown}
 A - 3 potions of ambrosia {unknown}
 C - 2 potions of lignification {unknown}
 L - a potion of resistance {unknown}
 M - a potion of haste {unknown}
Miscellaneous
 l - a lamp of fire
Comestibles
 d - 20 rations


   Skills:
 + Level 3.9 Fighting
 - Level 10.0 Short Blades
 + Level 16.8 Dodging
 + Level 18.2 Stealth
 * Level 13.5 Spellcasting
 - Level 12.8 Hexes


You had 22 spell levels left.
You knew the following spells:

 Your Spells              Type           Power        Failure   Level  Hunger
a - Corona                Hex            ######.      1%          1    None
b - Ensorcelled Hibernat  Hex/Ice        #####.       1%          2    None
c - Confuse               Hex            ######..     1%          3    None
d - Tukima's Dance        Hex            ######..     1%          3    None
e - Dazzling Spray        Conj/Hex       #####.       1%          3    None
z - Invisibility          Hex            ######..     2%          6    #####..


Dungeon Overview and Level Annotations

Branches:
Dungeon (11/15)            Temple (0/1) D:5            Lair (6/6) D:11
 Shoals (1/4) Lair:3       Spider (0/4) Lair:3        Slime (0/5) Lair:6
    Orc (1/2) D:10

Altars:
Ashenzari
Cheibriados
Dithmenos
Elyvilon
Fedhas
Gozag
Hepliaklqana
Okawaru
Ru
Sif Muna
Trog
Uskayaw
Vehumet
Wu Jian
Yredelemnul
The Shining One
Jiyva

Shops:
D:4 =   D:5 !   D:9 }   D:10 !


Innate Abilities, Weirdness & Mutations

You are very small and have problems with some larger weapons.
You are too small for most types of armour.
You have supernaturally acute eyesight. (SInv)
You are a herbivore.
You cover ground extremely quickly.
You need to consume almost no food.


Message History

The merfolk appears confused.
Casting: Confuse (safe; 1% risk of failure)
Confirm with . or Enter, or press ? or * to list all spells.
Aiming: Confuse (safe; 1% risk of failure)
Press: ? - help, Shift-Dir - straight line, f - merfolk aquamancer, p - merfolk
Aim: a merfolk aquamancer, wielding a rapier of draining and wearing a robe (chance to defeat MR: 29%)
The merfolk aquamancer easily resists.
The merfolk aquamancer gestures at you while chanting.
The ball of steam hits you!
A water elemental comes into view.
The water elemental is engulfed in a cloud of scalding steam.
There is a staircase back to the Lair here.
You can't go down here!
The merfolk is engulfed in a cloud of scalding steam.
The merfolk aquamancer is engulfed in a cloud of scalding steam.
The merfolk aquamancer gestures at you while chanting.
The shard of ice hits you!
Ouch! That really hurt!
You die...
Your body crumbles into a pile of gold.

≈≈P.....##...## #.....≈≈≈≈≈≈≈#
≈≈≈.....####.# ##.....≈≈≈≈≈≈≈≈
≈≈P....## ## #...≈≈≈≈≈≈≈≈≈≈≈
≈≈.###.# #....≈≈≈≈≈≈≈≈≈≈
≈..###.#########....≈≈≈≈≈≈≈≈≈≈
≈..................≈≈≈≈≈≈≈≈≈≈≈
..................≈≈≈≈≈≈≈≈≈≈≈≈≈
≈.............≈≈≈≈≈≈≈≈≈≈≈≈≈≈≈≈≈
..........≈≈..(.@≈≈≈≈≈≈≈≈≈≈≈≈≈≈
≈.........≈≈......≈≈≈≈≈≈≈≈≈≈≈≈≈
≈.........≈≈......m≈≈≈≈≈≈≈≈≈≈≈≈
.....≈..≈≈≈...###§..≈≈≈≈≈≈...≈≈
###.≈≈..≈≈≈...###..≈E≈≈≈......≈
#.≈≈.≈≈≈≈≈...#..§m§m≈........
≈..≈≈≈≈.......≈≈§≈≈.(.....
≈≈≈≈≈≈≈.....≈§§§E≈..###..
≈≈≈≈≈≈≈≈≈≈≈≈≈≈≈....#


You could see a merfolk aquamancer, 2 merfolk and 2 water elementals.

Vanquished Creatures
  Donald (Shoals:1)
  A fire dragon (Lair:6)
  Harold (D:10)
  2 ice dragons (IceCv)
  4 hydras
  A two-headed ogre (D:10)
  A queen ant (Lair:2)
  Nergalle (D:10)
  Urug (D:10)
  An unseen horror (D:10)
  2 swamp dragons
  Pikel (D:6)
  2 wolf spiders (Lair:6)
  2 cyclopes
  An ugly thing (D:11)
  A manticore (Lair:3)
  A guardian serpent (Lair:6)
  Maurice (D:8)
  7 black mambas
  17 spiny frogs
  6 rime drakes
  6 komodo dragons
  4 trolls
  4 polar bears
  A merfolk (Shoals:1)
  2 hornets (Lair:6)
  10 blink frogs (Lair:5)
  13 hippogriffs
  Sigmund (D:6)
  3 redbacks (Lair:6)
  18 wyverns
  45 yaks
  3 humans (D:8)
  4 basilisks (Lair:6)
  A steam dragon (Lair:6)
  7 soldier ants (Lair:2)
  3 acid dragons
  12 water moccasins
  Duvessa (D:6)
  5 orc warriors
  8 porcupines
  A hornet zombie (D:10)
  2 swamp drakes (Lair:6)
  2 sky beasts
  13 ice beasts
  2 black bears
  3 phantoms
  18 wolves
  3 centaurs
  4 ogres
  20 crocodiles
  2 big kobolds
  16 bullfrogs
  A gnoll sergeant (D:11)
  A wyvern zombie (D:11)
  A water moccasin skeleton (D:9)
  A wyvern skeleton (D:11)
  Dowan (D:6)
  A scorpion (D:6)
  13 killer bees
  A howler monkey (D:11)
  3 crimson imps
  A centaur zombie (D:8)
  A quasit (D:8)
  2 bullfrog zombies
  7 hounds
  6 orc priests
  A bullfrog skeleton (D:6)
  3 jellies
  Jessica (D:3)
  2 centaur skeletons
  9 iguanas
  15 orc wizards
  29 worker ants
  A hound skeleton (D:10)
  2 worker ant zombies (D:11)
  2 gnolls (D:10)
  A howler monkey skeleton (D:7)
  14 adders
  A shadow imp (D:6)
  An ooze (D:6)
  8 worms
  9 leopard geckos
  39 orcs
  2 ball pythons
  10 giant cockroaches
  5 goblins
  2 hobgoblins (D:2)
  3 jackals (D:3)
  5 quokkas
  13 bats
  8 frilled lizards
  16 kobolds
  11 rats
  A butterfly (Lair:4)
546 creatures vanquished.

Vanquished Creatures (collateral kills)
  A yak (D:10)
  A human (D:8)
  A steam dragon (D:10)
  2 orc warriors
  A gnoll sergeant (D:10)
  2 orc wizards
  A worker ant (Lair:2)
  6 gnolls
  12 orcs
27 creatures vanquished.

Vanquished Creatures (others)
  3 dancing weapons
  An orc (D:7)
  A giant cockroach (D:6)
  9 fungi
  13 plants
27 creatures vanquished.

Grand Total: 600 creatures vanquished

Notes
Turn   | Place    | Note
-------+----------+-------------------------------------------
     0 | D:1      | FollowTheCloud the Spriggan Enchanter began the quest for the Orb.
     0 | D:1      | Reached XP level 1. HP: 9/9 MP: 5/5
   567 | D:1      | Reached XP level 2. HP: 12/13 MP: 7/7
   871 | D:2      | Found a sacrificial altar of Ru.
   875 | D:2      | Found a snail-covered altar of Cheibriados.
   875 | D:2      | Found a hide-covered altar of Uskayaw.
   915 | D:2      | Learned a level 2 spell: Ensorcelled Hibernation
  1373 | D:2      | Found a hazy altar of Hepliaklqana.
  1563 | D:2      | Found a faded altar of an unknown god.
  1705 | D:2      | Reached XP level 3. HP: 16/16 MP: 9/9
  1710 | D:2      | Learned a level 3 spell: Confuse
  1714 | D:2      | Learned a level 3 spell: Tukima's Dance
  1737 | D:2      | Reached skill level 5 in Stealth
  1992 | D:2      | Reached XP level 4. HP: 19/21 MP: 3/11
  2517 | D:3      | Noticed Jessica
  2874 | D:3      | Killed Jessica
  2931 | D:3      | Found a radiant altar of Vehumet.
  3023 | D:3      | Reached XP level 5. HP: 24/24 MP: 12/12
  3109 | D:3      | Found a glowing golden altar of the Shining One.
  3110 | D:3      | Found an opulent altar of Gozag.
  3114 | D:3      | Became a worshipper of Gozag Ym Sagoz the Greedy
  3169 | D:3      | Found a blossoming altar of Fedhas.
  3529 | D:3      | Found a deep blue altar of Sif Muna.
  3737 | D:4      | Noticed a sky beast
  3746 | D:4      | Killed a sky beast
  3746 | D:4      | Reached skill level 6 in Stealth
  3746 | D:4      | Reached skill level 5 in Spellcasting
  3806 | D:4      | Noticed a phantom
  3829 | D:4      | Found Nohan's Jewellery Shop.
  3848 | D:4      | Killed a phantom
  3848 | D:4      | Reached skill level 5 in Dodging
  3848 | D:4      | Reached skill level 5 in Hexes
  3848 | D:4      | Reached XP level 6. HP: 12/28 MP: 4/15
  4391 | D:4      | Found a glowing drain.
  4405 | D:4      | Reached XP level 7. HP: 32/32 MP: 15/17
  4442 | Sewer    | Entered a sewer
  4765 | Sewer    | Found the +3 robe of Clouds {+Fly rElec}
  4798 | Sewer    | Reached skill level 7 in Stealth
  4953 | D:5      | Entered Level 5 of the Dungeon
  5030 | D:5      | Found an iron altar of Okawaru.
  5170 | D:5      | Found a staircase to the Ecumenical Temple.
  5178 | D:5      | Found Xakk's Distillery.
  5182 | D:5      | Bought 2 potions of heal wounds for 100 gold pieces
  5182 | D:5      | Bought a potion of heal wounds for 50 gold pieces
  5182 | D:5      | Bought a potion of curing for 30 gold pieces
  5759 | D:6      | Reached XP level 8. HP: 36/36 MP: 9/20
  5953 | D:6      | Reached skill level 8 in Stealth
  6235 | D:6      | Noticed Pikel
  6248 | D:6      | Killed Pikel
  6248 | D:6      | Reached skill level 9 in Stealth
  6324 | D:6      | Noticed Dowan
  6331 | D:6      | Killed Dowan
  6336 | D:6      | Noticed Duvessa
  7012 | D:6      | Noticed Sigmund
  7088 | D:6      | Reached XP level 9. HP: 37/39 MP: 23/23
  7161 | D:6      | Killed Sigmund
  7464 | D:6      | Killed Duvessa
  7667 | D:7      | Reached skill level 10 in Spellcasting
  8097 | D:7      | Reached skill level 10 in Stealth
  8310 | D:7      | Found a shattered altar of Ashenzari.
  9234 | D:8      | Found a white marble altar of Elyvilon.
  9418 | D:8      | Found an ornate altar of the Wu Jian Council.
  9485 | D:8      | Noticed Maurice
  9584 | D:8      | Killed Maurice
  9584 | D:8      | Reached XP level 10. HP: 33/44 MP: 9/26
  9676 | D:8      | Reached skill level 11 in Stealth
  9799 | D:8      | Found a bloodstained altar of Trog.
 10008 | D:9      | Reached skill level 10 in Dodging
 10445 | D:9      | Found a shadowy altar of Dithmenos.
 10485 | D:9      | Found a basalt altar of Yredelemnul.
 10808 | D:9      | Bought a lamp of fire for 520 gold pieces
 10808 | D:9      | Bought a wand of digging (8) for 312 gold pieces
 11091 | D:10     | Entered Level 10 of the Dungeon
 11308 | D:10     | Learned a level 3 spell: Dazzling Spray
 11891 | D:10     | Reached skill level 12 in Stealth
 11970 | D:10     | Noticed a two-headed ogre
 11972 | D:10     | Killed a two-headed ogre
 12066 | D:10     | Noticed Urug
 12126 | D:10     | Reached XP level 11. HP: 28/47 MP: 11/27
 12129 | D:10     | Reached skill level 10 in Hexes
 12156 | D:10     | Killed Urug
 12363 | D:10     | Noticed Nergalle
 12399 | D:10     | Killed Nergalle
 12481 | D:10     | Noticed an unseen horror
 12486 | D:10     | Killed an unseen horror
 12486 | D:10     | Reached skill level 13 in Stealth
 12501 | D:10     | Found Geeg's Distillery.
 12799 | D:10     | Found a staircase to the Orcish Mines.
 13103 | D:11     | Found a staircase to the Lair.
 13116 | D:11     | Reached skill level 5 in Short Blades
 13712 | D:11     | Noticed Harold
 13793 | D:10     | Killed Harold
 14015 | D:11     | Noticed a purple ugly thing
 14024 | D:11     | Killed a purple ugly thing
 14073 | D:11     | Reached skill level 14 in Stealth
 14534 | D:11     | Reached XP level 12. HP: 51/51 MP: 25/28
 14885 | Lair:1   | Entered Level 1 of the Lair of Beasts
 15152 | Lair:1   | Found a frozen archway.
 15182 | IceCv    | Entered an ice cave
 15473 | IceCv    | Noticed an ice dragon
 15476 | IceCv    | Noticed an ice dragon
 15532 | IceCv    | Killed an ice dragon
 15544 | IceCv    | Killed an ice dragon
 15738 | IceCv    | Reached skill level 15 in Stealth
 16033 | IceCv    | Got a fine steel ring
 16139 | IceCv    | Identified the ring "Kuhiliku" {rC+ rN+} (You found it in an ice cave)
 16364 | Lair:1   | Noticed a six-headed hydra
 16378 | Lair:1   | Killed a six-headed hydra
 17023 | Lair:2   | Noticed a seven-headed hydra
 17437 | Lair:2   | Noticed a queen ant
 17578 | Lair:2   | Killed a queen ant
 17879 | Lair:2   | Killed a seven-headed hydra
 18248 | Lair:3   | Reached XP level 13. HP: 34/55 MP: 12/29
 18436 | Lair:3   | Reached skill level 16 in Stealth
 18465 | Lair:3   | Reached skill level 1 in Fighting
 18478 | Lair:3   | Found a staircase to the Shoals.
 18532 | Lair:3   | Found a hole to the Spider Nest.
 19370 | Lair:4   | Reached skill level 15 in Dodging
 20616 | Lair:5   | Learned a level 6 spell: Invisibility
 21301 | Lair:5   | Reached skill level 10 in Short Blades
 21449 | Lair:6   | Entered Level 6 of the Lair of Beasts
 21488 | Lair:6   | Reached skill level 17 in Stealth
 22224 | Lair:6   | Found a viscous altar of Jiyva.
 22224 | Lair:6   | Found a staircase to the Slime Pits.
 22751 | Lair:6   | Reached XP level 14. HP: 61/63 MP: 29/32
 24055 | Lair:6   | Reached skill level 18 in Stealth
 24710 | Orc:1    | Entered Level 1 of the Orcish Mines
 24925 | Shoals:1 | Entered Level 1 of the Shoals
 24971 | Shoals:1 | Noticed Donald
 24994 | Shoals:1 | Killed Donald
 25039 | Shoals:1 | Killed from afar by a merfolk aquamancer

Vault maps used:
D:1:      matt_arrival_diagonals
D:2:      lemuel_coloured_pillars_altar, gammafunk_temple_overflow_forgotten,
          chequers_ecumenical_altar_twisty, first_ration,
          lexackson_kobold_supper
D:3:      nicolae_overflow_crystal_walls, gammafunk_temple_overflow_statue,
          old_standard_altar, fedhas_altar_1, uniq_jessica
D:4:      serial_shops, nicolae_shop_waterfront, portal_sewer_entry_a
D:5:      temple_doors_e, serial_shops,
          nicolae_shop_competitors_out_of_business, okawaru_gym_becter
D:6:      uniq_sigmund, uniq_duvessa, uniq_pikel
D:7:      basic_altar
D:8:      marbit_many_paths, elyvilon_altar_1, nicolae_overflow_hidden_temple,
          grunt_pizzeria, minmay_ruffians, uniq_maurice
D:9:      demons_altar, old_standard_altar, basic_altar
D:10:     hiddenorc1_lemuel, serial_shops,
          nicolae_shop_competitors_out_of_business, minmay_misc_feat_nine_boxes,
          patterned_corridor, uniq_nergalle, uniq_urug
D:11:     lair_entry_dummy, uniq_harold
Lair:1:   portal_ice_cave_rime
Lair:2:   zaba_antful_of_joy
Lair:3:   minmay_shoals_entry_beasts, dummy_spider_entry, serial_bayou_shore_b
Lair:4:   lemuel_fruit_fields
Lair:5:   minivault_24, roderic_batcave, hibernation_bobbens
Lair:6:   hangedman_lair_tendril_chambers, guppyfry_lair_end_dragon,
          slime_altar_1, lab_entry_generic
Shoals:1: st_sunken_huts, uniq_donald
Sewer:    sewer_frog_island_01
IceCv:    ice_cave_small_dragons

Skill      XL: |  1  2  3  4  5  6  7  8  9 10 11 12 13 14 |
---------------+-------------------------------------------+-----
Spellcasting   | 3 4 5 6 7 9 11 13 | 13.5
Hexes          | 4 5 6 7 8 9 11 12 | 12.8
Stealth        | 5 6 7 9 10 12 14 15 17 18 | 18.2
Dodging        | 4 5 6 8 9 11 13 14 16 | 16.8
Short Blades   | 3 6 8 10 | 10.0
Fighting       | 2 3 |  3.9

Action                   |  1- 3 |  4- 6 |  7- 9 | 10-12 | 13-15 || total
-------------------------+-------+-------+-------+-------+-------++-------
Melee: Dagger            |   111 |   165 |   378 |   579 |   395 ||  1628
 Cast: Ensorcelled Hiber |     8 |     8 |    88 |   172 |    86 ||   362
       Corona            |     5 |     6 |     4 |     1 |       ||    16
       Confuse           |       |     4 |    34 |    91 |   122 ||   251
       Tukima's Dance    |       |       |    14 |    24 |     4 ||    42
       Dazzling Spray    |       |       |       |     3 |     1 ||     4
       Invisibility      |       |       |       |       |     1 ||     1
Invok: Call Merchant     |       |       |       |     1 |       ||     1
Evoke: Wand              |       |       |       |     1 |     1 ||     2
       Lamp of fire      |       |       |       |     1 |       ||     1
  Use: Potion            |       |       |       |     2 |     1 ||     3
       Scroll            |       |       |       |    16 |     6 ||    22
 Stab: Sleeping          |    14 |    12 |    56 |   124 |    75 ||   281
       Confused          |       |     3 |    21 |    49 |    63 ||   136
       Distracted        |       |       |     1 |     2 |     2 ||     5
       Invisible         |       |       |       |     2 |    13 ||    15
  Eat: Ration            |       |     1 |     3 |     4 |     4 ||    12
Armor: Robe              |    15 |    21 |    35 |    16 |     1 ||    88
Dodge: Dodged            |   111 |   135 |   335 |   457 |   229 ||  1267

Table legend:
 A = Spawn XP
 B = Non-spawn XP
 C = Spawn XP percentage of total XP
 D = Spawn monster count
 E = Non-spawn monster count
 F = Spawn count percentage of total count
 G = Total turns spent on level
                    A         B        C        D         E        F      G
               +---------+---------+-------+---------+---------+-------+---------
         Total |       0 |   77177 |   0.0 |       0 |     572 |   0.0 | 25039
               +---------+---------+-------+---------+---------+-------+---------
           D:1 |       0 |      15 |   0.0 |       0 |       8 |   0.0 |  1104
           D:2 |       0 |     100 |   0.0 |       0 |      25 |   0.0 |  1648
           D:3 |       0 |     116 |   0.0 |       0 |      23 |   0.0 |   939
           D:4 |       0 |     503 |   0.0 |       0 |      11 |   0.0 |   849
           D:5 |       0 |     198 |   0.0 |       0 |       5 |   0.0 |   583
           D:6 |       0 |    1999 |   0.0 |       0 |      30 |   0.0 |  1956
           D:7 |       0 |     736 |   0.0 |       0 |      25 |   0.0 |  1150
           D:8 |       0 |    2536 |   0.0 |       0 |      43 |   0.0 |  1328
           D:9 |       0 |    1532 |   0.0 |       0 |      27 |   0.0 |  1320
          D:10 |       0 |    9190 |   0.0 |       0 |      69 |   0.0 |  2650
          D:11 |       0 |    5484 |   0.0 |       0 |      36 |   0.0 |  1092
        Lair:1 |       0 |    3173 |   0.0 |       0 |      16 |   0.0 |   867
        Lair:2 |       0 |    6396 |   0.0 |       0 |      47 |   0.0 |  1311
        Lair:3 |       0 |    6655 |   0.0 |       0 |      28 |   0.0 |  1325
        Lair:4 |       0 |    4746 |   0.0 |       0 |      24 |   0.0 |  1257
        Lair:5 |       0 |    6115 |   0.0 |       0 |      36 |   0.0 |   953
        Lair:6 |       0 |   20809 |   0.0 |       0 |      79 |   0.0 |  3129
      Shoals:1 |       0 |    2589 |   0.0 |       0 |       3 |   0.0 |   114
         Orc:1 |       0 |      22 |   0.0 |       0 |       2 |   0.0 |    10
         Sewer |       0 |     251 |   0.0 |       0 |      19 |   0.0 |   413
         IceCv |       0 |    4012 |   0.0 |       0 |      16 |   0.0 |  1041
               +---------+---------+-------+---------+---------+-------+---------
